[Event "54° Campionato Italiano a Squadre 2023"]
[Site "Torino (TO)"]
[Date "2023.06.16"]
[Round "1"]
[White "Degiorgis, Giorgio"]
[Black "Vrioni, Bersan"]
[Result "1/2-1/2"]
[Time "18:00:00"]
[Board "4.2"]
[TimeControl "5400+30"]
[ECO "D30"]
[Opening "Queen's gambit declined"]
[PlyCount "49"]
[WhiteElo "1765"]
[BlackElo "1917"]
[EventDate "2023.06.16"]
[EventType "Team"]
[EventRounds "5"]
[EventCountry "ITA"]
[WhiteTeam "Alfiere Bianco Bra"]
[BlackTeam "Nona Traversa"]
[Annotator "Vrioni, Bersan"]

1. d4 d5 2. c4 e6 3. Nf3 Nf6 4. g3 c6 5. Bg2 Bd6 6. Qc2 O-O 7. O-O Nbd7 8.
b3 Re8 9. Bb2 e5 10. dxe5 Nxe5 11. Nbd2 dxc4 12. Nxc4 Nxc4 13. Qxc4 Be6 14.
Qc2 Bd5 15. Nh4 Bxg2 16. Nxg2 Qe7 17. Rad1 Be5 18. Bxe5 Qxe5 19. e3 Rad8
20. Nf4 Ne4 21. Ne2 Ng5 22. h4 Ne4 23. Rxd8 Rxd8 24. Rd1 Rxd1+ 25. Qxd1 
1/2-1/2

[Event "54° Campionato Italiano a Squadre 2023"]
[Site "Torino (TO)"]
[Date "2023.06.16"]
[Round "1"]
[White "Pezzolato, Erica"]
[Black "Sotgia, Cosimo"]
[Result "1/2-1/2"]
[Time "18:00:00"]
[Board "4.3"]
[TimeControl "5400+30"]
[ECO "A20"]
[Opening "English opening"]
[PlyCount "53"]
[WhiteElo "1466"]
[BlackElo "1827"]
[EventDate "2023.06.16"]
[EventType "Team"]
[EventRounds "5"]
[EventCountry "ITA"]
[WhiteTeam "Nona Traversa"]
[BlackTeam "Alfiere Bianco Bra"]
[Annotator "Vrioni, Bersan"]

1. c4 e5 2. d3 f5 3. Nf3 d6 4. g3 Nf6 5. Bg2 Be7 6. O-O O-O 7. Nc3 Nbd7 8.
Bd2 Qe8 9. Nb5 c6 10. Nc7 Qd8 11. Nxa8 Nc5 12. b4 Ne6 13. c5 Bd7 14. Nb6
axb6 15. cxd6 Bxd6 16. a3 Qe8 17. Qb3 Kh8 18. Bc3 Nd5 19. e4 Nxc3 20. Qxc3
Nc7 21. exf5 Rxf5 22. Nd2 Nb5 23. Qb2 Nd4 24. Ne4 Bc7 25. Rad1 Qh5 26. f3
Rf8 27. Rd2 1/2-1/2

[Event "54° Campionato Italiano a Squadre 2023"]
[Site "Torino (TO)"]
[Date "2023.06.16"]
[Round "1"]
[White "Mandrile, Enrico"]
[Black "Battaglia, Gabriele"]
[Result "1-0"]
[Time "18:00:00"]
[Board "4.4"]
[TimeControl "5400+30"]
[ECO "B20"]
[Opening "Sicilian"]
[Variation "Steinitz variation"]
[PlyCount "53"]
[WhiteElo "1729"]
[BlackElo "1271"]
[EventDate "2023.06.16"]
[EventType "Team"]
[EventRounds "5"]
[EventCountry "ITA"]
[WhiteTeam "Alfiere Bianco Bra"]
[BlackTeam "Nona Traversa"]
[Annotator "Vrioni, Bersan"]

1. e4 c5 2. g3 d6 3. Bg2 Nf6 4. d3 g6 5. Nf3 Bg7 6. O-O O-O 7. Be3 Ng4 8.
Bc1 Nc6 9. c3 Bd7 10. h3 Nf6 11. Be3 Qc8 12. Kh2 Ne8 13. Nbd2 Ne5 14. Nxe5
Bxe5 15. f4 Bg7 16. d4 cxd4 17. cxd4 Bc6 18. Rc1 Qb8 19. b4 Nf6 20. a4 b5
21. Rxc6 a6 22. Qb3 Qe8 23. Rfc1 Qd7 24. axb5 axb5 25. Rc7 Qe8 26. e5 Nd7
27. Bxa8 1-0

[Event "54° Campionato Italiano a Squadre 2023"]
[Site "Torino (TO)"]
[Date "2023.06.17"]
[Round "2"]
[White "Buffa, Pietro"]
[Black "Casadei, Marco"]
[Result "1/2-1/2"]
[Time "09:30:00"]
[Board "4.1"]
[TimeControl "5400+30"]
[ECO "B70"]
[Opening "Sicilian"]
[Variation "dragon variation"]
[PlyCount "43"]
[WhiteElo "1988"]
[BlackElo "2032"]
[EventDate "2023.06.16"]
[EventType "Team"]
[EventRounds "5"]
[EventCountry "ITA"]
[WhiteTeam "LTB Beginners"]
[BlackTeam "Nona Traversa"]
[Annotator "Vrioni, Bersan"]

1. e4 c5 2. Nf3 d6 3. d4 cxd4 4. Nxd4 Nf6 5. Nc3 g6 6. Bc4 Bg7 7. Be3 Nc6 8. h3 O-O 9. O-O Bd7 10. f4 Nxd4 11. Bxd4 Bc6 12. Bd5 e6 13. Bxc6 bxc6 14. e5 dxe5 15. fxe5 Nd7 16. Qe2 Qb8 17. Ne4 Bxe5 18. Bxe5 Qxe5 19. Rae1 f5 20. Ng5 Qxe2 21. Rxe2 Rab8 22. Nxe6 1/2-1/2

[Event "54° Campionato Italiano a Squadre 2023"]
[Site "Torino (TO)"]
[Date "2023.06.17"]
[Round "2"]
[White "Battaglia, Gabriele"]
[Black "Paternò, Alessandro"]
[Result "0-1"]
[Time "09:30:00"]
[Board "4.4"]
[TimeControl "5400+30"]
[ECO "A07"]
[Opening "Reti"]
[Variation "King's Indian attack (Barcza system)"]
[PlyCount "90"]
[WhiteElo "1271"]
[BlackElo "1488"]
[EventDate "2023.06.16"]
[EventType "Team"]
[EventRounds "5"]
[EventCountry "ITA"]
[WhiteTeam "Nona Traversa"]
[BlackTeam "LTB Beginners"]
[Annotator "Vrioni, Bersan"]

1. Nf3 d5 2. g3 Nf6 3. Bg2 e6 4. O-O c5 5. d3 Nc6 6. Nbd2 Bd6 7. c4 O-O 8.
cxd5 exd5 9. e4 dxe4 10. dxe4 Rb8 11. Re1 Re8 12. Qc2 Qc7 13. Nc4 Nd4 14.
Qc3 Nxf3+ 15. Bxf3 Be5 16. Nxe5 Qxe5 17. Qxe5 Rxe5 18. Bf4 Nd7 19. Bg4 Re8
20. Bxb8 Nxb8 21. Bxc8 Rxc8 22. Rad1 Kf8 23. f4 Ke7 24. Kf2 Nc6 25. a3 f6
26. Rd5 b6 27. Red1 Rc7 28. e5 fxe5 29. fxe5 Nd4 30. Rd2 Ke6 31. Rd8 Kxe5
32. Ke3 g6 33. Re8+ Kf5 34. h3 h5 35. Rf2+ Kg5 36. Ke4 Rc6 37. Kd5 Rc7 38.
Kd6 Rb7 39. Re7 Rxe7 40. Kxe7 Nf5+ 41. Kf7 Nxg3 42. Rg2 Kh4 43. Kxg6 Kxh3
44. Rd2 h4 45. Kg5 Ne4+ 0-1

[Event "54° Campionato Italiano a Squadre 2023"]
[Site "Torino (TO)"]
[Date "2023.06.17"]
[Round "3"]
[White "Giudici, Alberto"]
[Black "Casadei, Marco"]
[Result "0-1"]
[Time "15:00:00"]
[Board "4.1"]
[TimeControl "5400+30"]
[ECO "A48"]
[Opening "King's Indian"]
[Variation "London system"]
[PlyCount "90"]
[WhiteElo "1843"]
[BlackElo "2032"]
[EventDate "2023.06.16"]
[EventType "Team"]
[EventRounds "5"]
[EventCountry "ITA"]
[WhiteTeam "DLF Novi Scacchi"]
[BlackTeam "Nona Traversa"]
[Annotator "Vrioni, Bersan"]

1. d4 Nf6 2. Nf3 g6 3. Bf4 Bg7 4. h4 c5 5. e3 Qb6 6. Qc1 Nc6 7. c3 d5 8. Bd3 O-O 9. Nbd2 Nd7 10. h5 e5 11. dxe5 Ndxe5 12. Bc2 d4 13. hxg6 hxg6 14. Nxe5 Nxe5 15. Bxe5 Bxe5 16. Nc4 dxc3 17. b3 Qf6 18. f4 Bc7 19. Be4 Rb8 20. a4 Be6 21. Qc2 Rfe8 22. O-O-O Bxc4 23. bxc4 Bxf4 24. exf4 Qxf4+ 25. Kb1 Qxe4 26. Rd3 Qxc4 27. Rxc3 Qe4 28. Rxc5 Qxc2+ 29. Rxc2 Re4 30. Rf1 Rxa4 31. Rc7 Rb4+ 32. Ka2 Rf8 33. Rf2 f5 34. Re2 Rf7 35. Rc8+ Kg7 36. Rd8 Rc7 37. Ka3 Rb1 38. Ka2 Rb6 39. Ra8 Rbc6 40. Rxa7 Rc2+ 41. Rxc2 Rxc2+ 42. Kb3 Rxg2 43. Rxb7+ Kf6 44. Kc3 Re2 45. Kd3 Re8 0-1

[Event "54° Campionato Italiano a Squadre 2023"]
[Site "Torino (TO)"]
[Date "2023.06.17"]
[Round "3"]
[White "Vrioni, Bersan"]
[Black "Torriano, Enzo"]
[Result "1/2-1/2"]
[Time "15:00:00"]
[Board "4.2"]
[TimeControl "5400+30"]
[ECO "B01"]
[Opening "Scandinavian"]
[Variation "Pytel-Wade variation"]
[PlyCount "86"]
[WhiteElo "1917"]
[BlackElo "1670"]
[EventDate "2023.06.16"]
[EventType "Team"]
[EventRounds "5"]
[EventCountry "ITA"]
[WhiteTeam "Nona Traversa"]
[BlackTeam "DLF Novi Scacchi"]
[Annotator "Vrioni, Bersan"]

1. e4 d5 2. exd5 Qxd5 3. Nc3 Qd6 4. Nf3 c6 5. Bc4 Bg4 6. h3 Bh5 7. g4 Bg6
8. d3 Nf6 9. Nh4 Nbd7 10. f4 e6 11. Qe2 O-O-O 12. Be3 Qc7 13. O-O-O Bd6 14.
Rdf1 Rhe8 15. Qf2 b6 16. Rhg1 h6 17. Nxg6 fxg6 18. Ne4 Nxe4 19. dxe4 Bc5
20. Rd1 Bxe3+ 21. Qxe3 Kb7 22. b4 e5 23. f5 gxf5 24. gxf5 Nf6 25. Be2 Rxd1+
26. Rxd1 Rd8 27. Rd3 Rxd3 28. Qxd3 Qd7 29. Qa6+ Kb8 30. Qc4 Qd6 31. a4 c5
32. Bd3 cxb4 33. Qf7 Qd7 34. Qf8+ Kb7 35. Qxb4 a5 36. Qc4 Qc7 37. Qa6+ Kb8
38. Qb5 Kb7 39. Qb3 Qc6 40. Bb5 Qc7 41. Qd3 Qc5 42. Qg3 Qc7 43. Qb3 Qc5 1/2-1/2

[Event "54° Campionato Italiano a Squadre 2023"]
[Site "Torino (TO)"]
[Date "2023.06.17"]
[Round "3"]
[White "Giordano, Edoardo Carlo"]
[Black "Pezzolato, Erica"]
[Result "1-0"]
[Time "15:00:00"]
[Board "4.3"]
[TimeControl "5400+30"]
[ECO "A45"]
[Opening "Queen's pawn game"]
[PlyCount "59"]
[WhiteElo "1771"]
[BlackElo "1466"]
[EventDate "2023.06.16"]
[EventType "Team"]
[EventRounds "5"]
[EventCountry "ITA"]
[WhiteTeam "DLF Novi Scacchi"]
[BlackTeam "Nona Traversa"]
[Annotator "Vrioni, Bersan"]

1. d4 Nf6 2. Bf4 g6 3. e3 Bg7 4. Nf3 O-O 5. h4 d6 6. Nbd2 Bg4 7. Be2 Nbd7
8. c3 Re8 9. Qb3 Rb8 10. Ng5 e6 11. f3 h6 12. fxg4 hxg5 13. Bxg5 Qc8 14. h5
Nh7 15. Bf4 g5 16. Bg3 d5 17. O-O-O Bf8 18. e4 dxe4 19. Nxe4 Ndf6 20. Qc2
Nxe4 21. Qxe4 Nf6 22. Qe5 Nh7 23. h6 f6 24. Qxc7 Qxc7 25. Bxc7 Rbc8 26. Bg3
Be7 27. Bf3 b6 28. Bb7 Rc4 29. Ba6 Ra4 30. Bb5 1-0

[Event "54° Campionato Italiano a Squadre 2023"]
[Site "Torino (TO)"]
[Date "2023.06.17"]
[Round "3"]
[White "Battaglia, Gabriele"]
[Black "Mazza, Lorenzo"]
[Result "0-1"]
[Time "15:00:00"]
[Board "4.4"]
[TimeControl "5400+30"]
[ECO "A05"]
[Opening "Reti"]
[Variation "King's Indian attack"]
[PlyCount "86"]
[WhiteElo "1271"]
[BlackElo "1503"]
[EventDate "2023.06.16"]
[EventType "Team"]
[EventRounds "5"]
[EventCountry "ITA"]
[WhiteTeam "Nona Traversa"]
[BlackTeam "DLF Novi Scacchi"]
[Annotator "Vrioni, Bersan"]

1. Nf3 Nf6 2. g3 g6 3. Bg2 Bg7 4. O-O d6 5. d3 Bg4 6. Nbd2 Nbd7 7. b3 Nd5
8. d4 c5 9. Bb2 cxd4 10. h3 Bxf3 11. Bxf3 N7b6 12. Nc4 Nxc4 13. bxc4 Nc3
14. Qd3 Qb6 15. Bxc3 dxc3 16. Rfb1 Qc7 17. Rxb7 Qc8 18. Qe4 O-O 19. h4 e6
20. Rab1 Qc5 21. R1b3 Rac8 22. Qe3 Bd4 23. Qd3 Bxf2+ 24. Kg2 Be1 25. e3 Qe5
26. Qe2 Qxg3+ 27. Kf1 Bd2 28. e4 Qh3+ 29. Qg2 Qxh4 30. Qf2 Qxf2+ 31. Kxf2
a5 32. Ra7 Ra8 33. Rxa8 Rxa8 34. e5 Rd8 35. exd6 Rxd6 36. Rb8+ Kg7 37. Ra8
Bf4 38. Be4 Rd2+ 39. Kf3 Bd6 40. Rxa5 f5 41. Ra7+ Kh6 42. Rd7 fxe4+ 43. Ke3
Bf4+ 1-0

[Event "54° Campionato Italiano a Squadre 2023"]
[Site "Torino (TO)"]
[Date "2023.06.18"]
[Round "4"]
[White "Casadei, Marco"]
[Black "Martone, Gennaro"]
[Result "1-0"]
[Time "09:30:00"]
[Board "4.1"]
[TimeControl "5400+30"]
[ECO "B90"]
[Opening "Sicilian"]
[Variation "Najdorf, Byrne (English) attack"]
[PlyCount "76"]
[WhiteElo "2032"]
[BlackElo "1679"]
[EventDate "2023.06.16"]
[EventType "Team"]
[EventRounds "5"]
[EventCountry "ITA"]
[WhiteTeam "Nona Traversa"]
[BlackTeam "SS Torinese Gialla"]
[Annotator "Vrioni, Bersan"]

1. e4 c5 2. Nf3 d6 3. d4 cxd4 4. Nxd4 Nf6 5. Nc3 a6 6. Be3 e5 7. Nb3 Be6 8. f3 Nbd7 9. Qd2 h5 10. O-O-O Be7 11. Nd5 Bxd5 12. exd5 Rc8 13. Kb1 Nb6 14. c4 Nxc4 15. Bxc4 Rxc4 16. Na5 Ra4 17. Nxb7 Qc7 18. Nc5 Rc4 19. Nb3 Ra4 20. Rc1 Qb7 21. Rc6 O-O 22. Rd1 Rb8 23. Rb6 Qa8 24. Na5 Rxb6 25. Bxb6 Bd8 26. b3 Bxb6 27. bxa4 Bd4 28. Nc6 Nxd5 29. Nxd4 exd4 30. Qxd4 Qb7+ 31. Ka1 Nb4 32. Qb2 a5 33. a3 Qc6 34. Rc1 Qxa4 35. Rc4 d5 36. Rc8+ Kh7 37. Qb1+ g6 38. Qb2 d4 1-0

[Event "54° Campionato Italiano a Squadre 2023"]
[Site "Torino (TO)"]
[Date "2023.06.18"]
[Round "4"]
[White "Caffa, Mattia"]
[Black "Vrioni, Bersan"]
[Result "0-1"]
[Time "09:30:00"]
[Board "4.2"]
[TimeControl "5400+30"]
[ECO "B07"]
[Opening "Pirc defence"]
[PlyCount "62"]
[WhiteElo "1546"]
[BlackElo "1917"]
[EventDate "2023.06.16"]
[EventType "Team"]
[EventRounds "5"]
[EventCountry "ITA"]
[WhiteTeam "SS Torinese Gialla"]
[BlackTeam "Nona Traversa"]
[Annotator "Vrioni, Bersan"]

1. e4 d6 2. d4 Nf6 3. Nc3 e5 4. Nf3 Nbd7 5. Bg5 Be7 6. Bd3 O-O 7. dxe5 dxe5
8. O-O c6 9. Bc4 b5 10. Bb3 b4 11. Bxf6 Bxf6 12. Ne2 Qc7 13. Ng3 a5 14. a3
a4 15. Bc4 Nb6 16. Bd3 c5 17. axb4 cxb4 18. Qe2 Be6 19. Nd2 Be7 20. Nf5 Bc5
21. Ne3 Bd4 22. Rab1 a3 23. bxa3 bxa3 24. Nb3 a2 25. Ra1 Bxa1 26. Rxa1 Qc3
27. Qd1 Rfd8 28. Nd5 Nxd5 29. exd5 Rxd5 30. Nd2 f5 31. Qc1 Rxd3 0-1

[Event "54° Campionato Italiano a Squadre 2023"]
[Site "Torino (TO)"]
[Date "2023.06.18"]
[Round "4"]
[White "Pezzolato, Erica"]
[Black "De Renzi, Giuseppe"]
[Result "1/2-1/2"]
[Time "09:30:00"]
[Board "4.3"]
[TimeControl "5400+30"]
[ECO "A21"]
[Opening "English opening"]
[PlyCount "67"]
[WhiteElo "1466"]
[BlackElo "1450"]
[EventDate "2023.06.16"]
[EventType "Team"]
[EventRounds "5"]
[EventCountry "ITA"]
[WhiteTeam "Nona Traversa"]
[BlackTeam "SS Torinese Gialla"]
[Annotator "Vrioni, Bersan"]

1. c4 e5 2. Nc3 d6 3. d3 f5 4. Nf3 Nf6 5. g3 Be7 6. Bg2 O-O 7. O-O Nc6 8.
Bd2 Bd7 9. a3 Qe8 10. Nb5 Rc8 11. b4 a6 12. Nc3 Qh5 13. e4 fxe4 14. Nxe4
Nxe4 15. dxe4 Bh3 16. Be3 Bxg2 17. Kxg2 Qg4 18. Nd2 Qxd1 19. Raxd1 Nd4 20.
Bxd4 exd4 21. f4 c5 22. Ra1 Rb8 23. b5 axb5 24. cxb5 b6 25. Nc4 Rfd8 26.
Rfe1 Rb7 27. Rad1 Kf8 28. Kf3 Ra8 29. Rd3 Ke8 30. h3 Kd7 31. g4 Kc7 32. Kg3
Rbb8 33. h4 Re8 34. g5 1/2-1/2

[Event "54° Campionato Italiano a Squadre 2023"]
[Site "Torino (TO)"]
[Date "2023.06.18"]
[Round "4"]
[White "Milceva, Tatiana"]
[Black "Battaglia, Gabriele"]
[Result "1-0"]
[Time "09:30:00"]
[Board "4.4"]
[TimeControl "5400+30"]
[ECO "E91"]
[Opening "King's Indian"]
[Variation "6.Be2"]
[PlyCount "41"]
[WhiteElo "1334"]
[BlackElo "1271"]
[EventDate "2023.06.16"]
[EventType "Team"]
[EventRounds "5"]
[EventCountry "ITA"]
[WhiteTeam "SS Torinese Gialla"]
[BlackTeam "Nona Traversa"]
[Annotator "Vrioni, Bersan"]

1. d4 Nf6 2. c4 g6 3. Nc3 Bg7 4. e4 d6 5. Nf3 O-O 6. Be2 Nbd7 7. Be3 c5 8.
d5 Ng4 9. Bd2 b6 10. O-O Bb7 11. Qc1 Re8 12. h3 Ngf6 13. Bh6 Bh8 14. Ng5 e6
15. Nb5 Nf8 16. Rb1 exd5 17. Rd1 a6 18. Nc3 dxe4 19. Qf4 d5 20. Nxd5 Nxd5
21. Qxf7# 1-0

[Event "54° Campionato Italiano a Squadre 2023"]
[Site "Torino (TO)"]
[Date "2023.06.18"]
[Round "5"]
[White "Venturino, Federico"]
[Black "Casadei, Marco"]
[Result "1/2-1/2"]
[Time "15:00:00"]
[Board "3.1"]
[TimeControl "5400+30"]
[ECO "A01"]
[Opening "Nimzovich-Larsen attack"]
[PlyCount "49"]
[WhiteElo "1857"]
[BlackElo "2032"]
[EventDate "2023.06.16"]
[EventType "Team"]
[EventRounds "5"]
[EventCountry "ITA"]
[WhiteTeam "Astiscacchi"]
[BlackTeam "Nona Traversa"]
[Annotator "Vrioni, Bersan"]

1. b3 g6 2. Bb2 Nf6 3. Bxf6 exf6 4. c4 Bg7 5. Nc3 d6 6. g3 O-O 7. Bg2 f5 8. Rc1 Nd7 9. e3 Nf6 10. Nge2 c6 11. O-O Re8 12. Qc2 Qe7 13. d3 g5 14. b4 Bh6 15. b5 c5 16. a4 Be6 17. a5 Rad8 18. a6 b6 19. Bc6 Bd7 20. Nd5 Nxd5 21. Bxd5 Qf6 22. Nc3 f4 23. Bg2 Be6 24. Qe2 Qg6 25. Be4 1/2-1/2

[Event "54° Campionato Italiano a Squadre 2023"]
[Site "Torino (TO)"]
[Date "2023.06.18"]
[Round "5"]
[White "Vrioni, Bersan"]
[Black "Dovano, Jacopo"]
[Result "1/2-1/2"]
[Time "15:00:00"]
[Board "3.2"]
[TimeControl "5400+30"]
[ECO "B00"]
[Opening "King's pawn opening"]
[PlyCount "126"]
[WhiteElo "1917"]
[BlackElo "1875"]
[EventDate "2023.06.16"]
[EventType "Team"]
[EventRounds "5"]
[EventCountry "ITA"]
[WhiteTeam "Nona Traversa"]
[BlackTeam "Asti Scacchi"]
[Annotator "Vrioni, Bersan"]

1. e4 d6 2. f4 d5 3. e5 c5 4. Nf3 Bg4 5. h3 Bxf3 6. Qxf3 Nc6 7. c3 e6 8.
Bb5 Qc7 9. d3 Ne7 10. Be3 Nf5 11. Bf2 h5 12. O-O h4 13. Nd2 a6 14. Ba4 Be7
15. Qe2 O-O-O 16. Nf3 Rdg8 17. d4 c4 18. Bc2 Ng3 19. Bxg3 hxg3 20. b3 cxb3
21. axb3 g5 22. fxg5 Bxg5 23. Nxg5 Rxg5 24. Qe3 Rg7 25. c4 Rh4 26. Rf4 Rxf4
27. Qxf4 dxc4 28. bxc4 Qb6 29. Rb1 Qxd4+ 30. Qxd4 Nxd4 31. Be4 Nc6 32. Bxc6
bxc6 33. Rb6 Kc7 34. Rxa6 Kb7 35. Ra3 Kb6 36. Rf3 c5 37. Kf1 Kc6 38. Ke2
Kd7 39. Ke3 Ke7 40. Kf4 Rg8 41. Rxg3 Rd8 42. Re3 Rd4+ 43. Re4 Rd2 44. g4
Kf8 45. h4 Rf2+ 46. Kg3 Rf1 47. h5 Kg7 48. g5 Rg1+ 49. Kf4 Rf1+ 50. Ke3 Rg1
51. h6+ Kg6 52. Rh4 Kh7 53. Rf4 Rxg5 54. Rxf7+ Kxh6 55. Kf4 Rg1 56. Rf6+
Rg6 57. Rf8 Kg7 58. Rc8 Rh6 59. Rxc5 Kg6 60. Rc6 Rh4+ 61. Ke3 Kf5 62. Rc5
Re4+ 63. Kd3 Rxe5 1/2-1/2

[Event "54° Campionato Italiano a Squadre 2023"]
[Site "Torino (TO)"]
[Date "2023.06.18"]
[Round "5"]
[White "Forno, Roberto"]
[Black "Pezzolato, Erica"]
[Result "1-0"]
[Time "15:00:00"]
[Board "3.3"]
[TimeControl "5400+30"]
[ECO "B07"]
[Opening "Pirc defence"]
[PlyCount "49"]
[WhiteElo "1679"]
[BlackElo "1466"]
[EventDate "2023.06.16"]
[EventType "Team"]
[EventRounds "5"]
[EventCountry "ITA"]
[WhiteTeam "Astiscacchi"]
[BlackTeam "Nona Traversa"]
[Annotator "Vrioni, Bersan"]

1. e4 d6 2. d4 Nf6 3. Nc3 g6 4. Be2 Bg7 5. Be3 O-O 6. h4 Nbd7 7. h5 e5 8.
hxg6 fxg6 9. g4 exd4 10. Bxd4 Ne5 11. g5 Nfd7 12. Be3 Nf7 13. Qd2 Nde5 14.
O-O-O Be6 15. f4 Nc4 16. Bxc4 Bxc4 17. Qh2 h5 18. gxh6 Bxh6 19. Nf3 Qf6 20.
Rdg1 Qg7 21. Rxg6 Qxg6 22. Rg1 Qxg1+ 23. Qxg1+ Kh7 24. b3 Bb5 25. Nxb5 1-0

[Event "54° Campionato Italiano a Squadre 2023"]
[Site "Torino (TO)"]
[Date "2023.06.18"]
[Round "5"]
[White "Battaglia, Gabriele"]
[Black "Messina, Alessandro"]
[Result "0-1"]
[Time "15:00:00"]
[Board "3.4"]
[TimeControl "5400+30"]
[ECO "A05"]
[Opening "Reti"]
[Variation "King's Indian attack"]
[PlyCount "50"]
[WhiteElo "1271"]
[BlackElo "1529"]
[EventDate "2023.06.16"]
[EventType "Team"]
[EventRounds "5"]
[EventCountry "ITA"]
[WhiteTeam "Nona Traversa"]
[BlackTeam "Asti Scacchi"]
[Annotator "Vrioni, Bersan"]

1. Nf3 Nf6 2. g3 g6 3. Bg2 Bg7 4. O-O O-O 5. d3 Nc6 6. Nbd2 d6 7. Rb1 e5 8.
e4 Nh5 9. b3 f5 10. exf5 Bxf5 11. Bb2 Qd7 12. Re1 Rae8 13. Nf1 Bh6 14. Ne3
Bxe3 15. Rxe3 Bg4 16. Qd2 Ne7 17. d4 Nd5 18. Ree1 Bxf3 19. dxe5 Bxg2 20.
Kxg2 Ndf4+ 21. gxf4 Nxf4+ 22. Kf3 Qh3+ 23. Ke4 d5+ 24. Kd4 Ne6+ 25. Kxd5
Rd8+ 0-1